 Dungeon Crawl Stone Soup version 0.28-a0-224-g76b539d98b (webtiles) character file.

Game seed: 14370941449556375987

109 jisko22 the Magician (level 5, -8/38 HPs)
             Began as a Djinni Fire Elementalist on Aug 21, 2021.
             Killed from afar by Ijyb (14 damage)
             ... with a bolt of acid
             ... on level 4 of the Dungeon.
             The game lasted 00:05:57 (5042 turns).

jisko22 the Magician (Djinni Fire Elementalist)     Turns: 5042, Time: 00:05:57

Health: -8/38      AC:  2    Str:  7    XL:     5   Next: 13%
Gold:   144        EV: 13    Int: 16    God:
                   SH:  0    Dex: 15

rFire   + + +      SeeInvis .   b - +0 dagger
rCold   x . .      Faith    .   (no shield)
rNeg    . . .      Spirit   .   a - +0 robe
rPois   ∞          Reflect  .   (no helmet)
rElec   .          Harm     .   (no cloak)
rCorr   .          Rampage  .   (no gloves)
Will    .....                   (boots unavailable)
Stlth   ++........              (no amulet)
HPRegen 0.12/turn               i - +4 ring of slaying
MPRegen 0.00/turn               (no ring)

@: flying, very slightly contaminated
A: sickness immunity, fire resistance 3, cold vulnerability 1, float, innate
caster, hp casting, extra vitality 1, wild magic 1
a: no special abilities


You were on level 4 of the Dungeon.
You visited 1 branch of the dungeon, and saw 4 of its levels.

You collected 144 gold pieces.

Inventory:

Hand Weapons
 b - a +0 dagger (weapon)
Missiles
 c - 71 sling bullets
 e - 139 stones
Armour
 a - a +0 robe (worn)
Jewellery
 i - a +4 ring of slaying (left hand)
Scrolls
 d - a scroll of identify
 f - a scroll of enchant armour {unknown}
 g - 2 scrolls of teleportation {unknown}
 o - 2 scrolls of noise {unknown}
 p - a scroll of immolation {unknown}
 q - a scroll of enchant weapon {unknown}
 r - a scroll of summoning {unknown}
Potions
 h - a potion of curing {unknown}
 j - 2 potions of flight
 k - a potion of heal wounds {unknown}
 l - a potion of haste
 m - a potion of invisibility {unknown}
 n - a potion of brilliance


   Skills:
 + Level 1.9 Fighting
 + Level 3.2 Dodging
 - Level 1.5 Stealth
 * Level 3.4 Spellcasting


You couldn't memorise any spells.
You knew the following spells:

 Your Spells              Type           Power      Damage    Failure   Level
a - Foxfire               Conj/Fire      68%        2x1d7     7%          1
b - Conjure Flame         Conj/Fire      17%        6-21      19%         3
c - Inner Flame           Hex/Fire       17%        N/A       19%         3
d - Sticky Flame          Conj/Fire      17%        2d4       50%         4
e - Fireball              Conj/Fire      8%         3d6       83%         5
f - Beastly Appendage     Tmut           34%        N/A       7%          1
g - Static Discharge      Conj/Air       17%        N/A       11%         2
Your spell library was empty.

Dungeon Overview and Level Annotations

Branches:
Dungeon (4/15)
 Temple: D:4-7

Altars:
Dithmenos
Okawaru
Yredelemnul

Annotations:
D:4 Dowan, Duvessa, Ijyb


Innate Abilities, Weirdness & Mutations

You are immune to sickness and miasma.
You are immune to poison.
Your flesh is almost immune to the effects of heat. (rF+++)
You are vulnerable to cold. (rC-)
You float through the air rather than walking.
You learn spells naturally, not from books.
Your magical power is your life essence.
You have superior vitality. (+4 HP)
Your spells are a little harder to cast, but a little more powerful.


Message History

Your foxfire dissipates!
Found a stone staircase leading down.
There is a stone staircase leading down here.
Ijyb the Twisted Goblin comes into view.
She is wielding a +0 club, wearing a +2 leather armour of fire resistance and carrying a wand of acid (11).
Ijyb is nearby!
Ijyb is nearby!
Casting: Foxfire (safe; 7% risk of failure)
Confirm with . or Enter, or press ? or * to list all spells.
You miscast Foxfire.
You are very lightly contaminated with residual magic.
Nothing appears to happen.
Ijyb shouts!
You hear a shout!
Casting: Foxfire (safe; 7% risk of failure)
Confirm with . or Enter, or press ? or * to list all spells.
You miscast Foxfire.
Nothing appears to happen.
A hobgoblin comes into view.
Casting: Foxfire (safe; 7% risk of failure)
Confirm with . or Enter, or press ? or * to list all spells.
You conjure some foxfire!
Ijyb zaps a wand.
The bolt of acid hits you!
You are splashed with acid!
* * * LOW HITPOINT WARNING * * *
The foxfire hits Ijyb but does no damage.
The foxfire hits the hobgoblin.
The hobgoblin is heavily wounded.
Casting: Foxfire (safe; 7% risk of failure)
Confirm with . or Enter, or press ? or * to list all spells.
You conjure some foxfire!
* * * LOW HITPOINT WARNING * * *
Ijyb zaps a wand.
The bolt of acid misses you.
The foxfire hits the hobgoblin.
The hobgoblin is almost dead.
The foxfire hits the hobgoblin.
You kill the hobgoblin!
Ijyb hits you with a +0 club.
* * * LOW HITPOINT WARNING * * *
Casting: Foxfire (safe; 7% risk of failure)
Confirm with . or Enter, or press ? or * to list all spells.
You conjure some foxfire!
* * * LOW HITPOINT WARNING * * *
Ijyb zaps a wand.
The bolt of acid hits you!
You die...

##### #..........
#...# ####.#....#
###...###
#.#####.#.#..#
#.......#
#.............
#.......#
#########.#.##
#.......# ####
.......... #.#...###
... #########.
#.#...#########.##.#.#
..#.
#.##.........v@v.....#
#.#.
#.#############g.#...#
#.#. #.# ..# # #.#.
#.# ..#. #.#. #.#
..... #.#. ##.##
...... #.#. #.>.#
#..... #... #.#.#
####.#########.
##.#.####
##...........


You could see Ijyb (ally target).

Vanquished Creatures
  2 adders
  An adder skeleton (D:4)
  3 worms
  3 orcs (D:4)
  5 bats
  6 endoplasms
  4 giant cockroaches
  4 goblins
  8 hobgoblins
  9 jackals
  2 quokkas
  6 ball pythons
  A frilled lizard (D:3)
  8 kobolds
  8 rats
70 creatures vanquished.

Vanquished Creatures (others)
  248 foxfires
248 creatures vanquished.

Grand Total: 318 creatures vanquished

Notes
Turn   | Place    | Note
-------+----------+-------------------------------------------
     0 | D:1      | jisko22 the Djinni Fire Elementalist began the quest for
                  | the Orb.
     0 | D:1      | Reached XP level 1. HP: 15/15 MP: 0/0
   412 | D:1      | Reached XP level 2. HP: 18/22 MP: 0/0
  1161 | D:2      | Reached XP level 3. HP: 24/26 MP: 0/0
  1161 | D:2      | Learned a level 1 spell: Beastly Appendage
  1200 | D:2      | Reached skill level 1 in Fighting
  1931 | D:2      | Found a faded altar of an unknown god.
  2102 | D:3      | Gained mutation: Your spells are a little harder to cast,
                  | but a little more powerful. [potion of mutation]
  2102 | D:3      | Gained mutation: Your flesh is almost immune to the effects
                  | of heat. (rF+++) [potion of mutation]
  2148 | D:3      | Found a basalt altar of Yredelemnul.
  2365 | D:3      | Reached XP level 4. HP: 29/32 MP: 0/0
  2739 | D:3      | Found an iron altar of Okawaru.
  2744 | D:3      | Found a shadowy altar of Dithmenos.
  3486 | D:4      | Noticed Dowan
  3488 | D:4      | Reached XP level 5. HP: 35/38 MP: 0/0
  3488 | D:4      | Learned a level 2 spell: Static Discharge
  3488 | D:4      | Noticed Duvessa
  5035 | D:4      | Noticed Ijyb
  5042 | D:4      | Killed from afar by Ijyb

Illustrated notes

Levels and vault maps discovered:
D:1:      dpeg_arrival_short_road, layout_basic, hangedman_decor_opposing
D:2:      layout_rooms, shapermc_ecumenical_altar_totnotflames
D:3:      layout_basic, lemuel_crystal_altar, yredelemnul_altar_generic,
          grunt_dithmenos_smoke, cheibrodos_sewer_entry_bend
D:4:      layout_loops_cross, serial_rivers, chequers_serial_rivers_small_a,
          chequers_serial_rivers_micro_d, chequers_serial_rivers_small_3,
          chequers_serial_rivers_large_b, minivault_27, uniq_ijyb, uniq_duvessa

Skill      XL: |  1  2  3  4 |
---------------+-------------+-----
Fighting       | 1 |  1.9
Spellcasting   | 3 |  3.4
Dodging        | 3 |  3.2
Stealth        | |  1.5

Action                   |  1- 3 |  4- 6 || total
-------------------------+-------+-------++-------
Melee: Dagger            |     2 |       ||     2
 Cast: Foxfire           |    73 |    72 ||   145
  Use: Scroll            |     4 |       ||     4
       Potion            |     1 |     1 ||     2
Armor: Robe              |     1 |       ||     1
Dodge: Dodged            |    17 |     8 ||    25

Table legend: (Time is in decaauts)
 A = Elapsed time spent in this place.
 B = Non-inter-level travel time spent in this place.
 C = Inter-level travel time spent in this place.
 D = Time resting spent in this place.
 E = Time spent auto-exploring this place.
 F = Levels seen in this place.
 G = Mean time per level.
                   A        B        C        D        E       F      G
               +--------+--------+--------+--------+--------+-----+--------+
         Total |   5025 |   4932 |     93 |   2158 |   2178 |   4 | 1256.2 |
       Dungeon |   5025 |   4932 |     93 |   2158 |   2178 |   4 | 1256.2 |
               +--------+--------+--------+--------+--------+-----+--------+

Top non-repeatable levels by time:
     D:3: 2351 daAuts
     D:1: 1065 daAuts
     D:2: 1030 daAuts
     D:4: 578 daAuts
